 Dungeon Crawl Stone Soup version 0.31.0-11-ge490571c62 (webtiles) character file.

Game seed: 12844926936073533132

404 Arcadio the Digger (level 6, -1/38 HPs)
             Began as a Gargoyle Earth Elementalist on Jan 27, 2024.
             Incinerated by a bombardier beetle (3 damage)
             ... with a burning spray
             ... on level 4 of the Dungeon.
             The game lasted 00:04:27 (2731 turns).

Arcadio the Digger (Gargoyle Earth Elementalist)    Turns: 2731, Time: 00:04:28

Health: -1/38      AC: 10    Str: 11    XL:     6   Next: 86%
Magic:  22/27      EV: 10    Int: 18    God:
Gold:   184        SH:  0    Dex: 10    Spells: 1/9 levels left

rFire   . . .        c - +0 mace
rCold   . . .        (no shield)
rNeg    + . .        d - +0 ring mail
rPois   ∞            (no helmet)
rElec   +            (no cloak)
rCorr   .            (no gloves)
SInv    .            (no boots)
Will    .....        p - amulet of faith
Stlth   +            s - ring of magical power
HPRegen 0.26/turn    t - ring of magical power
MPRegen 0.20/turn

%: faith
@: on fire, hasted, glowing, very quick
A: sickness immunity, AC +4, negative energy resistance 1, electricity
resistance, torment resistance 1, petrification resistance
a: no special abilities


You were on level 4 of the Dungeon.
You visited 1 branch of the dungeon, and saw 4 of its levels.

You collected 184 gold pieces.

Inventory:

Hand Weapons
 c - a +0 mace (weapon)
Armour
 a - a +0 robe
 d - a +0 ring mail (worn)
 j - a +0 chain mail
 v - a +0 plate armour
 y - an orb of energy
Magical Staves
 w - a staff of conjuration
Jewellery
 f - a ring of willpower
 p - an amulet of faith (around neck)
 s - a ring of magical power (left hand)
 t - a ring of magical power (right hand)
Scrolls
 k - a scroll of amnesia {unknown}
 m - 2 scrolls of identify {unknown}
 n - a scroll of fear {unknown}
 q - a scroll of enchant armour {unknown}
 r - 2 scrolls of blinking {unknown}
 u - a scroll of teleportation {unknown}
 z - a scroll of fog {unknown}
 B - a scroll of revelation {unknown}
Potions
 b - a potion of magic
 e - a potion of resistance {unknown}
 g - 2 potions of curing
 h - a potion of haste
 i - a potion of mutation {unknown}
 l - a potion of ambrosia {unknown}
 o - a potion of cancellation {unknown}
 x - a potion of degeneration {unknown}
 A - 2 potions of attraction {unknown}


   Skills:
 + Level 4.1 Fighting
 + Level 4.0 Armour
 - Level 1.5 Dodging
 - Level 2.1 Stealth
 - Level 2.0 Spellcasting
 - Level 1.1 Conjurations
 + Level 5.9 Earth Magic


You had one spell level left.
You knew the following spells:

 Your Spells              Type           Power      Damage    Failure   Level
a - Sandblast             Erth           46%        2d11      3%          1
b - Stone Arrow           Conj/Erth      28%        3d8       28%         3
c - Brom's Barrelling Bo  Conj/Erth      14%        2d4       67%         4

Your spell library contained the following spells:

 Spells                   Type           Power      Damage    Failure   Level
 Foxfire                  Conj/Fire      12%        2x1d4     32%         1
 Passwall                 Erth           23%        N/A       11%         3
 Petrify                  Alch/Erth      12%        N/A       77%         4
 Summon Forest            Summ/Tloc      0%         N/A       100%        5
 Eringya's Noxious Bog    Alch           0%         4d6       100%        6
 Plasma Beam              Fire/Air       0%         2x1d10    100%        6
 Starburst                Conj/Fire      1%         6d3       100%        6
 Summon Hydra             Summ           0%         N/A       100%        7


Dungeon Overview and Level Annotations

Branches:
Dungeon (4/15)
 Temple: D:4-7

Altars:
Yredelemnul


Innate Abilities, Weirdness & Mutations

You are immune to sickness and miasma.
Your stone body is resilient. (AC +4)
You are immune to poison.
You resist negative energy. (rN+)
You are resistant to electric shocks. (rElec)
You are resistant to unholy torment.
You are immune to petrification.


Message History

Casting: Sandblast (safe; 3% risk of failure)
Confirm with . or Enter, or press ? or * to list all spells.
Aiming: Sandblast (safe; 3% risk of failure)
Press: ? - help, Shift-Dir - straight line, f - bombardier beetle
Aim: a bombardier beetle (90% to hit)
The blast of sand hits the bombardier beetle but does no damage.
The liquid fire burns you!
Casting: Sandblast (safe; 3% risk of failure)
Confirm with . or Enter, or press ? or * to list all spells.
Aiming: Sandblast (safe; 3% risk of failure)
Press: ? - help, Shift-Dir - straight line, f/p - bombardier beetle
Aim: a bombardier beetle (90% to hit)
The blast of sand hits the bombardier beetle.
The bombardier beetle is lightly wounded.
The liquid fire burns you!
The bombardier beetle sprays incendiary fluid at you.
The burning spray hits you.
You are even more covered in liquid fire!
You thump the bombardier beetle!
The bombardier beetle is heavily wounded.
The liquid fire burns you!
You hit the bombardier beetle.
Your punch misses the bombardier beetle.
The bombardier beetle is severely wounded.
The liquid fire burns you!
The bombardier beetle bites you but does no damage.
You sock the bombardier beetle!
You kill the bombardier beetle!
The liquid fire burns you!
* * * LOW HITPOINT WARNING * * *
Your Armour skill increases to level 4!
It was a potion of curing.
You feel better. The liquid fire burns you!
* * * LOW HITPOINT WARNING * * *
It was a potion of haste.
You feel yourself speed up. The liquid fire burns you!
* * * LOW HITPOINT WARNING * * *
You shake off some of the fire as you move.
The liquid fire burns you!
You die...

#.. ...... #..!.........#
##.##.#..~~...#
###...##..~~~...#
##.##......~~≈..#
###...#......~~...##
#........#..≈≈.....#.
#.....#..............
##...#.#.##..@........
##......#.#............
...
#....##................
.....
###.....#................
.....
#...............#####.#..
. .... ##..............#
.# . .. #..#
###...........## .
...#... ###....##...... .
....... #.......#......
.......


There were no monsters in sight!

Vanquished Creatures
  An ogre (D:4)
  3 scorpions (D:4)
  A bombardier beetle (D:4)
  A jelly (D:4)
  4 adders
  A ribbon worm (D:4)
  5 endoplasms
  A giant cockroach (D:1)
  5 goblins
  5 hobgoblins
  2 quokkas
  2 ball pythons (D:3)
  A frilled lizard (D:1)
  7 kobolds
  6 rats
45 creatures vanquished.

Notes
Turn   | Place    | Note
-------+----------+-------------------------------------------
     0 | D:1      | Arcadio the Gargoyle Earth Elementalist began the quest for
                  | the Orb.
     0 | D:1      | Reached XP level 1. HP: 10/10 MP: 3/3
   153 | D:1      | Reached XP level 2. HP: 4/16 MP: 1/5
   242 | D:1      | Reached skill level 1 in Fighting
   405 | D:1      | Reached skill level 1 in Armour
   612 | D:1      | Found a faded altar of an unknown god.
   712 | D:2      | Found a basalt altar of Yredelemnul.
   718 | D:2      | Reached skill level 4 in Earth Magic
   849 | D:2      | Reached XP level 3. HP: 17/20 MP: 3/6
  2052 | D:3      | Reached XP level 4. HP: 25/26 MP: 7/7
  2391 | D:4      | Noticed a scorpion
  2401 | D:4      | Killed a scorpion
  2402 | D:4      | Reached XP level 5. HP: 23/32 MP: 8/8
  2443 | D:4      | Learned a level 3 spell: Stone Arrow
  2448 | D:4      | Learned a level 4 spell: Brom's Barrelling Boulder
  2450 | D:4      | Noticed an ogre
  2455 | D:4      | Killed an ogre
  2456 | D:4      | Reached skill level 5 in Earth Magic
  2537 | D:4      | Reached XP level 6. HP: 37/37 MP: 9/9
  2731 | D:4      | Incinerated by a bombardier beetle

Illustrated notes

Levels and vault maps discovered:
D:1:      dpeg_arrival_rooms_with_view, layout_loops_cross,
          dilly_ecumenical_altar_fadedgnrine, chequers_serial_rivers_micro_b
D:2:      layout_basic, basic_altar
D:3:      layout_basic, hangedman_abyss_or_decor_lesser_grid, nrook_campfire,
          minivault_11, serial_bayou_lagoon_a
D:4:      layout_cave_pools, serial_column_ruins, column_ruins_courtyard_long,
          column_ruins_open_small_water, column_ruins_columns_straight,
          column_ruins_grid_1, column_ruins_open_tiny, column_ruins_grid_1,
          uniq_duvessa

Skill      XL: |  1  2  3  4  5  6 |
---------------+-------------------+-----
Fighting       | 1 2 3 4 |  4.1
Armour         | 1 2 3 4 |  4.0
Earth Magic    | 4 5 |  5.9
Dodging        | |  1.5
Stealth        | |  2.1
Spellcasting   | |  2.0
Conjurations   | |  1.1

Action                     |  1- 3 |  4- 6 || total
---------------------------+-------+-------++-------
  Melee: Mace              |    45 |     3 ||    48
         Unarmed           |     1 |       ||     1
   Cast: Sandblast         |    24 |    36 ||    60
    Use: Potion            |       |     2 ||     2
   Stab: Sleeping          |     1 |       ||     1
 Armour: Robe              |     5 |       ||     5
         Ring mail         |    34 |    26 ||    60
  Dodge: Dodged            |    34 |     6 ||    40
